AoeStats
← SunshinePuma83

Black Forest

510136104Analyzed
2v2 RM · 3d ago on Sep 29, 2026· 89m 40s· 4 players
Game mode
Random Map
Map size
Medium (4 player)
Population
200
Speed
Normal
Resources
Standard
Victory
Conquest
Starting age
Dark Age
Ending age
Imperial Age
RankedLock teamsTeams togetherTeam positionsShared explorationLock speedFull tech treeHidden civsTurbo modeCheats
Victory
Defeat
🇹🇷 Turks · Türkiye
529
+17
🇹🇷 Cumans · Türkiye
397
+22
🇮🇳 Persians · India
570
-21
🇲🇽 Franks · Mexico
512
-18
SunshinePuma83
10:20 Feudal Age
10:46 Double-Bit Axe
10:44 Horse Collar
14:44 Wheelbarrow
22:15 Castle Age
22:57 Heavy Plow
23:09 Bow Saw
23:34 Gold Mining
26:40 Ballistics
26:41 Hand Cart
27:05 Stone Mining
30:29 Gold Shaft Mining
35:07 Imperial Age
34:33 Steppe Husbandry
36:38 Crop Rotation
36:03 Light Cavalry
36:54 Bloodlines
36:08 Crossbowman
37:17 Parthian Tactics
37:13 Hussar
37:59 Fletching
39:08 Bodkin Arrow
40:47 Forging
40:43 Scale Barding Armor
42:45 Heavy Cavalry Archer
44:50 Two-Man Saw
46:13 Chain Barding Armor
46:43 Thumb Ring
73:34 Plate Barding Armor
73:35 Iron Casting
gky_ozglu
13:42 Feudal Age
13:40 Loom
21:23 Castle Age
19:27 Double-Bit Axe
20:41 Stone Mining
24:43 Wheelbarrow
26:03 Horse Collar
28:04 Hand Cart
29:19 Heavy Plow
32:36 Bow Saw
37:32 Imperial Age
35:26 Ballistics
35:32 Caravan
36:16 Scale Mail Armor
36:26 Forging
36:22 Scale Barding Armor
37:17 Chain Mail Armor
36:45 Treadmill Crane
38:03 Sipahi
39:45 Elite Janissary
40:51 Town Watch
41:56 Plate Mail Armor
42:03 Iron Casting
42:27 Artillery
43:09 Man-at-Arms
45:23 Chain Barding Armor
46:04 Blast Furnace
46:56 Fortified Wall
86:42 Long Swordsman
jose.rodarte
0:46 Loom
15:37 Feudal Age
16:03 Double-Bit Axe
17:37 Wheelbarrow
16:50 Town Watch
28:26 Castle Age
27:22 Stone Mining
27:22 Gold Mining
27:28 Gold Mining
29:37 Caravan
29:52 Bow Saw
32:19 Forging
32:09 Scale Mail Armor
32:14 Scale Barding Armor
37:17 Gold Shaft Mining
37:46 Fortified Wall
37:34 Murder Holes
38:17 Treadmill Crane
38:58 Ballistics
38:29 Guard Tower
38:57 Masonry
43:16 Imperial Age
41:03 Hand Cart
40:48 Town Patrol
41:18 Fervor
44:03 Iron Casting
43:28 Scale Mail Armor
43:33 Scale Barding Armor
43:19 Fletching
43:29 Padded Archer Armor
42:54 Light Cavalry
43:34 Husbandry
43:36 Squires
43:21 Gambesons
43:21 Arson
42:57 Pikeman
44:08 Cavalier
45:12 Conscription
46:11 Blast Furnace
45:54 Architecture
46:25 Chemistry
45:09 Cavalier
47:00 Chain Barding Armor
46:55 Chain Mail Armor
46:36 Bodkin Arrow
46:45 Paladin
47:43 Leather Archer Armor
48:10 Conscription
47:50 Chivalry
48:27 Hoardings
50:53 Plate Barding Armor
52:43 Hoardings
55:09 Plate Mail Armor
55:14 Plate Barding Armor
55:15 Leather Archer Armor
57:05 Plate Barding Armor
saioa08
12:36 Feudal Age
21:59 Castle Age
21:07 Horse Collar
21:22 Double-Bit Axe
21:32 Gold Mining
21:39 Stone Mining
28:36 Wheelbarrow
33:30 Imperial Age
33:33 Hand Cart
33:58 Bow Saw
35:49 Hoardings
36:46 Gold Shaft Mining
37:11 Murder Holes
37:08 Guard Tower
37:29 Masonry
37:10 Heated Shot
37:41 Ballistics
38:22 Chemistry
37:35 Scale Barding Armor
37:31 Scale Mail Armor
37:41 Forging
37:22 Fletching
37:33 Padded Archer Armor
39:09 Parthian Tactics
38:51 Heavy Plow
39:54 Two-Man Saw
39:01 Caravan
40:30 Coinage
40:10 Guilds
40:59 Crop Rotation
42:43 Elite War Elephant
46:29 Onager
53:32 Architecture
54:58 Heavy Cavalry Archer
Connection lost

Rejoining the realm…

Still unreachable

The connection could not be restored.

Session expired

The server has moved on; the page needs a fresh start.